 Dungeon Crawl Stone Soup version 0.27.1-34-g3ba077fa99 (webtiles) character file.

Game seed: 17429917038852582269

79660 chmiii the Basher (level 15, -4/158 HPs)
             Began as a Troll Hunter on Jan 29, 2022.
             Was the Champion of Okawaru.
             Killed from afar by a fire giant (40 damage)
             ... with a bolt of fire
             ... on level 15 of the Dungeon.
             The game lasted 02:39:31 (20906 turns).

chmiii the Basher (Troll Hunter)                   Turns: 20906, Time: 02:39:31

Health: -4/158     AC: 10    Str: 34    XL:     15   Next: 21%
Magic:  14/14      EV: 13    Int:  7    God:    Okawaru [******]
Gold:   877        SH:  0    Dex: 11    Spells: 14/14 levels left

rFire    . . .     SeeInvis .   b - +6 giant spiked club (spect)
rCold    . . .     Faith    .   (shield currently unavailable)
rNeg     . . .     Spirit   .   P - +0 troll leather armour
rPois    +         Reflect  .   S - +1 hat
rElec    .         Harm     .   h - +0 cloak
rCorr    .         Rampage  .   (gloves unavailable)
Will     +....                  (boots unavailable)
Stlth    +.........             (no amulet)
HPRegen  2.36/turn              D - +6 ring of strength
MPRegen  0.14/turn              O - ring of poison resistance

@: no status effects
A: large, unfitting armour, claws 3, regeneration 1, shaggy fur 1, tough skin 1
a: Renounce Religion, Heroism, Finesse


You were on level 15 of the Dungeon.
You worshipped Okawaru.
Okawaru was exalted by your worship.
You visited 3 branches of the dungeon, and saw 22 of its levels.

You collected 1615 gold pieces.
You spent 738 gold pieces at shops.

Inventory:

Hand Weapons
 a - the +10 great mace of Sin {elec, rPois rCorr}
   (Okawaru gifted it to you on level 12 of the Dungeon)

   It occasionally discharges a powerful burst of electricity upon striking a
   foe.
   rPois:     It protects you from poison.
   rCorr:     It protects you from acid and corrosion.
 b - a +6 spectral giant spiked club (weapon)
 W - a +4 flail of protection
Missiles
 c - 15 large rocks (quivered)
 d - 4 throwing nets
 j - 8 silver javelins
 k - 4 silver boomerangs
 u - 18 javelins
 N - 2 boomerangs of dispersal
Armour
 h - a +0 cloak (worn)
 s - +0 steam dragon scales
 P - a +0 troll leather armour (worn)
 S - a +1 hat (worn)
Jewellery
 D - a +6 ring of strength (left claw)
 O - a ring of poison resistance (right claw)
 Q - a ring of fire
 X - a ring of see invisible
Wands
 n - a wand of acid (1)
 t - a wand of digging (12)
 w - a wand of flame (33)
 L - a wand of iceblast (25)
 R - a wand of paralysis (27)
Scrolls
 e - 2 scrolls of summoning
 g - a scroll of fear
 q - a scroll of identify
 z - 2 scrolls of enchant armour
 A - 3 scrolls of holy word
 C - 3 scrolls of amnesia
 E - 5 scrolls of blinking
 F - 7 scrolls of teleportation
 M - 2 scrolls of magic mapping
 Z - a scroll of fog
Potions
 f - 6 potions of lignification
 i - 3 potions of attraction
 l - 6 potions of magic
 m - 4 potions of brilliance
 o - a potion of cancellation
 p - 5 potions of might
 v - 7 potions of curing
 B - a potion of resistance
 I - 3 potions of mutation
 J - 2 potions of flight
 T - 2 potions of haste
 Y - a potion of invisibility
Miscellaneous
 H - a box of beasts


   Skills:
 + Level 12.6 Fighting
 + Level 14.4 Maces & Flails
 - Level 3.6 Throwing
 + Level 9.9 Armour
 + Level 10.1 Dodging
 - Level 0.3 Stealth


You had 14 spell levels left.
You didn't know any spells.
Your spell library contained the following spells:

 Spells                   Type           Power      Damage    Failure   Level
 Beastly Appendage        Tmut           0%         N/A       45%         1
 Corona                   Hex            0%         N/A       45%         1
 Freeze                   Ice            0%         1d3       45%         1
 Magic Dart               Conj           0%         1d3       45%         1
 Blink                    Tloc           N/A        N/A       58%         2
 Call Imp                 Summ           0%         N/A       58%         2
 Ensorcelled Hibernation  Hex/Ice        0%         N/A       58%         2
 Slow                     Hex            0%         N/A       58%         2
 Static Discharge         Conj/Air       0%         N/A       58%         2
 Wereblood                Tmut           0%         N/A       58%         2
 Confusing Touch          Hex            0%         N/A       83%         3
 Conjure Flame            Conj/Fire      0%         6-21      83%         3
 Dazzling Flash           Conj/Hex       0%         N/A       83%         3
 Frozen Ramparts          Ice            0%         1d2       83%         3
 Ignite Poison            Fire/Tmut/Pois 0%         N/A       83%         3
 Inner Flame              Hex/Fire       0%         N/A       83%         3
 Lesser Beckoning         Tloc           0%         N/A       83%         3
 Mephitic Cloud           Conj/Pois/Air  0%         N/A       83%         3
 Ozocubu's Armour         Ice            0%         N/A       83%         3
 Spider Form              Tmut/Pois      0%         N/A       83%         3
 Tukima's Dance           Hex            0%         N/A       83%         3
 Vampiric Draining        Necr           0%         2d6       83%         3
 Animate Armour           Summ/Erth      0%         N/A       99%         4
 Cause Fear               Hex            0%         N/A       99%         4
 Hailstorm                Conj/Ice       0%         3d3       99%         4
 Iskenderun's Mystic Bla  Conj/Tloc      0%         2d3       99%         4
 Sticky Flame             Conj/Fire      0%         2d3       99%         4
 Summon Ice Beast         Ice/Summ       0%         N/A       99%         4
 Agony                    Necr           0%         N/A       100%        5
 Blade Hands              Tmut           0%         N/A       100%        5
 Lightning Bolt           Conj/Air       0%         1d11      100%        5
 Manifold Assault         Tloc           0%         N/A       100%        5
 Metabolic Englaciation   Hex/Ice        0%         N/A       100%        5
 Silence                  Hex/Air        0%         N/A       100%        5
 Summon Mana Viper        Hex/Summ       0%         N/A       100%        5
 Iron Shot                Conj/Erth      0%         9d1       100%        6
 Simulacrum               Ice/Necr       0%         N/A       100%        6
 Starburst                Conj/Fire      0%         6d3       100%        6
 Monstrous Menagerie      Summ           0%         N/A       100%        7
 Ozocubu's Refrigeration  Ice            0%         4d5       100%        7
 Discord                  Hex            0%         N/A       100%        8
 Maxwell's Capacitive Co  Air            0%         ∞         100%        8


Dungeon Overview and Level Annotations

Branches:
Dungeon (15/15)            Temple (1/1) D:5            Lair (6/6) D:10
  Swamp (0/4) Lair:3       Spider (0/4) Lair:3        Slime (0/5) Lair:6
    Orc (0/2) D:12         Vaults (0/5) D:13
 Depths: D:15

Altars:
Ashenzari
Cheibriados
Dithmenos
Elyvilon
Fedhas
Gozag
Hepliaklqana
Kikubaaqudgha
Makhleb
Nemelex Xobeh
Okawaru
Qazlal
Ru
Sif Muna
Trog
Uskayaw
Vehumet
Wu Jian
Xom
Yredelemnul
Zin
The Shining One
Jiyva

Shops:
D:4 *   D:6 ?   D:11 (   D:12 (

Annotations:
D:8 2 transporters, exclusion: downstairs
D:9 4 runed translucent doors, DemonSlayer's ghost, novice DsBe
Lair:5 exclusion: 3 downstairs


Innate Abilities, Weirdness & Mutations

You are too large for most types of armour.
You have claws for hands.
Your natural rate of healing is unusually fast.
You are covered in fur. (AC +1)
You have tough skin. (AC +1)


Message History

The skeletal warrior freezes you.
The skeletal warrior hits you from afar with a +1 glaive of freezing!!
The skeletal warrior freezes you!
A skeletal warrior comes into view. It is wielding a +0 halberd.
The skeletal warrior hits you from afar with a +1 glaive of freezing!!
The skeletal warrior freezes you.
There is an open door, spattered with blood here.
You see here an ugly thing corpse.
You closely miss the skeletal warrior.
The skeletal warrior is heavily damaged.
Your +6 spectral giant spiked club hits the skeletal warrior!
The skeletal warrior hits you with a +1 glaive of freezing!!
The skeletal warrior freezes you!
You are too injured to fight recklessly!
You are too injured to fight recklessly!
You are too injured to fight recklessly!
You closely miss the skeletal warrior.
The skeletal warrior is severely damaged.
Your +6 spectral giant spiked club hits the skeletal warrior!
The skeletal warrior hits you with a +1 glaive of freezing!
The skeletal warrior freezes you.
You closely miss the skeletal warrior.
The skeletal warrior is almost destroyed.
Your +6 spectral giant spiked club hits the skeletal warrior!!!
You destroy the skeletal warrior!
Okawaru accepts your kill. Okawaru grants you ammunition!
Something appears at your feet!
The fire giant hits you with a +0 great sword of flaming.
The fire giant burns you.
The fire giant hits you with a +0 great sword of flaming!!
The fire giant burns you.
* * * LOW HITPOINT WARNING * * *
The fire giant casts a spell at you. The bolt of fire hits you!
* * * LOW HITPOINT WARNING * * *
There is an open door here.
The fire giant casts a spell at you. The bolt of fire hits you!!!
You die...

..§§≈≈.#.# ##.. .≈≈≈≈≈.#.
#.....# ≈.≈#≈§.. #.....#
...# §≈≈≈.. +.....# ...#
§≈..# #.....# ... .^.###
#.....###..#
(###....########.....#^.##
#..z....#......#....<#...#
#..#zC..#....z.'@....#...#
#..#....#....C.#.....'...#
#..#....#...z..#.....#...#
#..#....#......#.....#...#
####...z##.###.#.....#..##
#.....#(###.##....#..#
#.....)......#....#...
#.....#......#....#....
#.....#......#....#....


You could see a fire giant and 2 skeletal warriors.

Vanquished Creatures
  11 hydras
  Harold (D:7)
  2 boulder beetles
  An ogre mage (D:13)
  A merfolk avatar (Lair:6)
  4 centaur warriors
  5 two-headed ogres
  A tengu warrior (D:13)
  3 death yaks (Lair:5)
  A fire crab (Lair:6)
  9 skeletal warriors
  A bog body (Lair:3)
  A deep elf pyromancer (D:13)
  A harpy (shapeshifter) (D:13)
  2 oklob plants
  7 ugly things
  A faun (shapeshifter) (D:13)
  6 manticores
  3 cyclopes
  7 elephants (Lair:5)
  6 black mambas
  17 cane toads
  A torpor snail (Lair:3)
  4 rime drakes
  Maggie (D:7)
  A kobold demonologist (D:13)
  An unseen horror (D:12)
  11 komodo dragons
  A tengu conjurer (D:13)
  3 trolls
  3 polar bears
  2 wind drakes (Lair:6)
  4 jumping spiders (Lair:3)
  32 blink frogs
  2 hornets
  A meliai zombie (D:11)
  4 snapping turtles (Lair:6)
  A shadow (D:13)
  2 vampires (D:10)
  2 redbacks (Lair:3)
  76 yaks
  5 basilisks
  3 wyverns
  A human (shapeshifter) (D:13)
  5 steam dragons
  4 vampire mosquitoes
  A warg (D:12)
  Edmund (D:6)
  8 water moccasins
  8 orc warriors
  3 ice beasts
  2 black bears
  4 sky beasts
  A necrophage (D:6)
  8 wolves
  7 centaurs
  2 ogres
  4 kobold brigands (D:13)
  18 bullfrogs
  2 gnoll sergeants
  3 scorpions
  5 killer bees (D:10)
  A water moccasin skeleton (D:6)
  2 electric eels (D:7)
  5 howler monkeys
  6 centaur zombies
  3 jellies
  4 hounds
  5 orc priests
  2 bullfrog zombies (D:6)
  2 centaur skeletons (D:6)
  4 bullfrog skeletons
  4 iguanas
  Terence (D:2)
  Ijyb (D:4)
  Natasha (thrice) (D:4)
  8 orc wizards
  2 hound skeletons
  18 gnolls
  A howler monkey skeleton (D:5)
  9 adders
  5 shadow imps
  An adder skeleton (D:4)
  3 worms
  4 dart slugs
  41 orcs
  5 endoplasms
  6 giant cockroaches
  11 goblins
  4 hobgoblins
  11 jackals
  3 quokkas
  6 ball pythons
  8 bats
  A frilled lizard (D:1)
  9 kobolds
  6 rats
543 creatures vanquished.

Vanquished Creatures (others)
  48 fungi
  95 plants
143 creatures vanquished.

Grand Total: 686 creatures vanquished

Notes
Turn   | Place    | Note
-------+----------+-------------------------------------------
     0 | D:1      | chmiii the Troll Hunter began the quest for the Orb.
     0 | D:1      | Reached XP level 1. HP: 19/19 MP: 0/0
   105 | D:1      | Found a faded altar of an unknown god.
   117 | D:1      | Reached skill level 1 in Maces & Flails
   148 | D:1      | Reached XP level 2. HP: 28/28 MP: 1/1
   568 | D:2      | Reached skill level 2 in Maces & Flails
   568 | D:2      | Reached XP level 3. HP: 35/35 MP: 2/2
   790 | D:2      | Found a shimmering altar of Xom.
   833 | D:2      | Reached XP level 4. HP: 44/44 MP: 3/3
   835 | D:2      | Noticed Terence
   868 | D:2      | Killed Terence
   869 | D:2      | Reached skill level 3 in Maces & Flails
  1470 | D:3      | Reached XP level 5. HP: 49/50 MP: 4/4
  1771 | D:3      | Reached skill level 4 in Maces & Flails
  1927 | D:3      | Found an opulent altar of Gozag.
  2192 | D:4      | Reached XP level 6. HP: 61/61 MP: 5/5
  2203 | D:4      | Noticed Natasha
  2240 | D:4      | Killed Natasha
  2356 | D:4      | Noticed Natasha
  2357 | D:4      | Killed Natasha
  2391 | D:4      | Noticed Natasha
  2396 | D:4      | Killed Natasha
  2440 | D:4      | Reached skill level 5 in Maces & Flails
  2521 | D:4      | Found Uzam's General Store.
  2531 | D:4      | Bought a potion of curing for 39 gold pieces
  2531 | D:4      | Bought a potion of curing for 39 gold pieces
  2613 | D:4      | Noticed Ijyb
  2614 | D:4      | Killed Ijyb
  2826 | D:5      | Entered Level 5 of the Dungeon
  2902 | D:5      | Reached XP level 7. HP: 67/68 MP: 6/6
  3241 | D:5      | Found a shimmering altar of Xom.
  3263 | D:5      | Reached skill level 6 in Maces & Flails
  3341 | D:5      | Found a staircase to the Ecumenical Temple.
  3350 | Temple   | Entered the Ecumenical Temple
  3443 | Temple   | Became a worshipper of Warmaster Okawaru
  3880 | D:5      | You fall into a shaft and drop 1 floor!
  4556 | D:6      | Reached XP level 8. HP: 62/79 MP: 7/7
  4598 | D:6      | Found Gezair's Magic Scroll Emporium.
  4610 | D:6      | Reached skill level 7 in Maces & Flails
  4614 | D:6      | Bought 2 scrolls of identify for 44 gold pieces
  4614 | D:6      | Bought a scroll of identify for 22 gold pieces
  4614 | D:6      | Bought a scroll of identify for 22 gold pieces
  4791 | D:6      | Reached * piety under Okawaru
  4816 | D:6      | Reached skill level 5 in Fighting
  4841 | D:6      | Reached skill level 8 in Maces & Flails
  4916 | D:6      | Reached ** piety under Okawaru
  4967 | D:6      | Noticed Edmund
  4977 | D:6      | Killed Edmund
  4978 | D:6      | Reached XP level 9. HP: 40/89 MP: 8/8
  5158 | D:6      | Reached skill level 9 in Maces & Flails
  5448 | D:7      | Noticed Maggie
  5450 | D:7      | Killed Maggie
  5450 | D:7      | Reached *** piety under Okawaru
  5714 | D:7      | Noticed Harold
  5835 | D:8      | Reached skill level 10 in Maces & Flails
  6060 | D:8      | Received a gift from Okawaru
  6080 | D:8      | Reached **** piety under Okawaru
  6081 | D:8      | Reached XP level 10. HP: 93/102 MP: 9/9
  6424 | D:8      | Reached skill level 11 in Maces & Flails
  6438 | D:8      | Found a snail-covered altar of Cheibriados.
  6444 | D:8      | Found a transporter.
  6444 | D:8      | Noticed a gargoyle
  6467 | D:8      | Found a transporter.
  6879 | D:7      | Killed Harold
  7190 | D:7      | Found a white marble altar of Elyvilon.
  7289 | D:9      | Noticed a centaur warrior
  7406 | D:9      | Noticed a two-headed ogre
  7413 | D:9      | Killed a two-headed ogre
  7413 | D:9      | Received a gift from Okawaru
  7503 | D:8      | Paralysed by a hornet for 2 turns
  7506 | D:8      | Reached skill level 12 in Maces & Flails
  7613 | D:8      | Reached ***** piety under Okawaru
  7731 | D:9      | Found a runed translucent door.
  7940 | D:9      | Found an ornate altar of the Wu Jian Council.
  7940 | D:9      | Found an ancient bone altar of Kikubaaqudgha.
  8161 | D:9      | Found a runed translucent gate.
  8161 | D:9      | Found a runed translucent gate.
  8161 | D:9      | Found a runed translucent gate.
  8163 | D:9      | Noticed DemonSlayer's ghost (novice DsBe)
  8196 | D:10     | Entered Level 10 of the Dungeon
  8381 | D:10     | Reached XP level 11. HP: 104/113 MP: 7/10
  8440 | D:10     | Noticed an oklob plant
  8658 | D:10     | Found a stormy altar of Qazlal.
  8718 | D:10     | Noticed a centaur warrior
  8730 | D:10     | Killed a centaur warrior
  9079 | D:10     | Found a staircase to the Lair.
  9113 | D:10     | Killed an oklob plant
  9114 | D:10     | Reached skill level 13 in Maces & Flails
  9286 | Lair:1   | Entered Level 1 of the Lair of Beasts
  9473 | Lair:1   | HP: 5/113 [blink frog (13)]
  9478 | Lair:1   | HP: 5/113 [blink frog (7)]
  9479 | Lair:1   | HP: 1/113 [blink frog (5)]
  9817 | Lair:1   | Reached skill level 14 in Maces & Flails
  9884 | Lair:1   | Received a gift from Okawaru
  9941 | Lair:1   | Reached skill level 1 in Armour
 10022 | D:9      | Noticed an orc knight
 10047 | D:9      | Killed a centaur warrior
 10243 | Lair:1   | Reached ****** piety under Okawaru
 10471 | Lair:1   | Reached XP level 12. HP: 116/123 MP: 11/11
 10614 | Lair:2   | Noticed an eight-headed hydra
 10624 | Lair:2   | Killed an eight-headed hydra
 10624 | Lair:2   | Received a gift from Okawaru
 10723 | Lair:2   | Identified the +2 pair of boots "Aguwich" {Contam Int+6}
 11485 | Lair:2   | Noticed an eight-headed hydra
 11516 | Lair:2   | Killed an eight-headed hydra
 11571 | Lair:2   | Reached skill level 5 in Dodging
 12010 | Lair:2   | Reached skill level 5 in Armour
 12095 | Lair:3   | Found a staircase to the Swamp.
 12183 | Lair:3   | Reached skill level 10 in Fighting
 12344 | Lair:3   | Found a hole to the Spider Nest.
 12409 | Lair:3   | Received a gift from Okawaru
 13090 | Lair:4   | Reached XP level 13. HP: 120/133 MP: 12/12
 13620 | Lair:4   | Received a gift from Okawaru
 13861 | Lair:4   | Found an ancient bone altar of Kikubaaqudgha.
 13964 | Lair:4   | Received a gift from Okawaru
 14156 | Lair:5   | Received a gift from Okawaru
 15541 | Lair:6   | Entered Level 6 of the Lair of Beasts
 15565 | Lair:6   | Found an opulent altar of Gozag.
 15803 | Lair:6   | Found a staircase to the Slime Pits.
 15803 | Lair:6   | Found a viscous altar of Jiyva.
 16087 | Lair:6   | Identified the +3 double sword of Weraoqie {holy, rF+}
                  | (Okawaru gifted it to you on level 6 of the Lair of Beasts)
 16087 | Lair:6   | Received a gift from Okawaru
 16135 | Lair:5   | Reached XP level 14. HP: 72/146 MP: 13/13
 17446 | Lair:6   | Identified the +4 rapier "Vecenos" {flame, +Rage rElec MP+9
                  | Str-3}
 17893 | D:11     | Found Oho Zaos's Antique Weapon Boutique.
 18042 | D:6      | Bought a scroll of acquirement for 572 gold pieces
 18043 | D:6      | Acquired a +6 spectral giant spiked club
 18209 | D:11     | Received a gift from Okawaru
 18480 | D:11     | Found a shadowy altar of Dithmenos.
 19014 | D:12     | Found Duotucai's Antique Weapon Shop.
 19050 | D:12     | Received a gift from Okawaru
 19357 | D:12     | Found a staircase to the Orcish Mines.
 19473 | D:12     | Identified the +10 great mace of Sin {elec, rPois rCorr}
                  | (Okawaru gifted it to you on level 12 of the Dungeon)
 19473 | D:12     | Received a gift from Okawaru
 19882 | D:13     | Found a gate to the Vaults.
 19905 | D:13     | Received a gift from Okawaru
 20344 | D:14     | Reached XP level 15. HP: 140/158 MP: 14/14
 20491 | D:14     | Received a gift from Okawaru
 20599 | D:14     | Reached skill level 10 in Dodging
 20817 | D:15     | Entered Level 15 of the Dungeon
 20886 | D:15     | Noticed a fire giant
 20898 | D:15     | Received a gift from Okawaru
 20906 | D:15     | Killed from afar by a fire giant

Illustrated notes

Levels and vault maps discovered:
D:1:      dpeg_arrival_lava_temple_mockup, layout_rooms,
          hellmonk_ecumenical_altar_crossroads, minmay_surrounded
D:2:      layout_rooms, basic_altar, grunt_decor_fettered, uniq_terence
D:3:      layout_loops_corners, lemuel_doored_altar
D:4:      layout_loops_ring, serial_shops, shop, uniq_ijyb, uniq_natasha
D:5:      layout_layer_cave, mainiacjoe_overflow_tiny_flanked,
          minmay_temple_entry_arrows, minmay_misc_feat_ornament
D:6:      hangedman_cross_stitches, layout_rooms, serial_shops, shop_scrolls,
          st_stairs_2, kennysheep_doodads, grunt_decor_mini_mirrors,
          roderic_roman_lattice, minmay_parallelograms, uniq_edmund
D:7:      layout_loops_cross, overflow_temple_1_default, water_boxes_lemuel,
          uniq_harold, uniq_maggie
D:8:      layout_loops_ring, gammafunk_temple_overflow_arena,
          hangedman_misty_isle
D:9:      layout_cave_pools, gammafunk_temple_overflow_elements,
          ebering_ghost_rock_garden, lightli_church_of_beogh
D:10:     layout_loops_ring, nicolae_qazlal_eye_of_the_storm, dpeg_oklobed_lair,
          enter_bailey_5
D:11:     layout_cave_pods, serial_shops, shop, grunt_dithmenos_smoke
D:12:     layout_rooms, david_orc_1_choice, serial_shops, kennysheep_little_box
D:13:     layout_roguey, david_vaults_2
D:14:     layout_rooms, hangedman_decor_points
D:15:     grunt_enter_depths_giant_problem, layout_gridville,
          serial_park_tiny_pond
Temple:   eino_wide_crystal_templ
Lair:1:   statuecave_lemuel, layout_misc_corridors
Lair:2:   layout_chaotic_city, beast_lair_carwin_7
Lair:3:   layout_hall_layers, skrybe_swamp_entry_bodies,
          nicolae_spider_entry_tight_spaces, serial_bayou_pond_e, st_stairs_6,
          chequers_serial_rivers_micro_b, lemuel_fruit_fields
Lair:4:   layout_roguey, basic_altar
Lair:5:   layout_regular_city
Lair:6:   gammafunk_lair_ancient_temple, layout_long_grid, slime_altar_1,
          chequers_serial_rivers_marsh, lemuel_oklob_altar

Skill      XL: |  1  2  3  4  5  6  7  8  9 10 11 12 13 14 15 |
---------------+----------------------------------------------+-----
Maces & Flails | 1 2 3 4 5 6 8 10 12 14 | 14.4
Fighting       | 2 3 4 5 7 8 9 10 11 12 | 12.6
Armour         | 2 5 8 9 |  9.9
Dodging        | 3 6 8 9 10 | 10.1
Throwing       | |  3.6
Stealth        | |  0.3

Action                   |  1- 3 |  4- 6 |  7- 9 | 10-12 | 13-15 || total
-------------------------+-------+-------+-------+-------+-------++-------
Melee: Unarmed           |   104 |    80 |       |       |       ||   184
       Flail             |       |   123 |   327 |   852 |   768 ||  2070
       Punch             |       |       |       |     1 |       ||     1
       Giant spiked club |       |       |       |       |   207 ||   207
 Fire: Hunting sling     |       |       |       |     9 |       ||     9
Throw: Large rock        |     3 |     7 |    21 |    18 |    42 ||    91
       Throwing net      |       |       |     2 |     1 |       ||     3
       Dart              |       |       |       |     1 |       ||     1
       Javelin           |       |       |       |       |    31 ||    31
       Boomerang         |       |       |       |       |     7 ||     7
Invok: Heroism           |       |       |       |     9 |     4 ||    13
       Finesse           |       |       |       |     1 |       ||     1
Evoke: Box of beasts     |       |       |       |     1 |       ||     1
       Wand              |       |       |       |     1 |       ||     1
  Use: Scroll            |       |     7 |     5 |     4 |    17 ||    33
       Potion            |       |       |       |     2 |       ||     2
 Stab: Sleeping          |       |     2 |     1 |       |       ||     3
       Invisible         |       |       |       |     1 |       ||     1
Armor: Robe              |    52 |    96 |    80 |       |       ||   228
       Steam dragon scal |       |       |    42 |   353 |   363 ||   758
       Troll leather arm |       |       |       |       |    44 ||    44
Dodge: Dodged            |    71 |   104 |   175 |   362 |   492 ||  1204
